 Dungeon Crawl Stone Soup version 0.25.1-2-g60ff931df9 (webtiles) character file.

Game seed: 13410329178827212795

72 DearestLeader the Chiller (level 4, -3/30 HPs)
             Began as a Merfolk Ice Elementalist on Nov 16, 2020.
             Slain by a bullfrog skeleton (5 damage)
             ... on level 2 of the Dungeon.
             The game lasted 00:03:16 (1641 turns).

DearestLeader the Chiller (MfIE)                    Turns: 1641, Time: 00:03:17

Health: -3/30      AC:  2    Str:  8    XL:     4   Next: 25%
Magic:  1/7        EV: 13    Int: 15    God:
Gold:   70         SH:  0    Dex: 14    Spells: 3/7 levels left

rFire    . . .     SeeInvis .   d - +2 dagger (vamp)
rCold    . . .     Gourm    .   (no shield)
rNeg     . . .     Faith    .   a - +0 robe
rPois    .         Spirit   .   (no helmet)
rElec    .         Reflect  .   (no cloak)
rCorr    .         Harm     .   (no gloves)
MR       .....                  (no boots)
Stlth    ++........             (no amulet)
HPRegen  0.10/turn              (no ring)
MPRegen  0.10/turn              (no ring)

@: no status effects
A: change form in water, swift swim, stealthy swim
a: no special abilities


You were on level 2 of the Dungeon.
You were not hungry.

You visited 1 branch of the dungeon, and saw 2 of its levels.

You collected 70 gold pieces.

Inventory:

Hand Weapons
 d - a +2 vampiric dagger (weapon)
Armour
 a - a +0 robe (worn)
Scrolls
 g - a scroll of blinking {unknown}
 j - a scroll of enchant armour {unknown}
Potions
 f - a potion of degeneration {unknown}
 h - a potion of stabbing {unknown}
 i - a potion of invisibility {unknown}
Comestibles
 b - a chunk of flesh
 c - 2 rations


   Skills:
 - Level 3.0 Dodging
 - Level 2.1 Stealth
 - Level 2.0 Spellcasting
 * Level 6.1 Ice Magic


You had 3 spell levels left.
You knew the following spells:

 Your Spells              Type           Power        Failure   Level  Hunger
a - Freeze                Ice            ###.         1%          1    #......
b - Frozen Ramparts       Ice            ###...       5%          3    ###....

Your spell library contained the following spells:

 Spells                   Type           Power        Failure   Level  Hunger
 Ozocubu's Armour         Chrm/Ice       ##......     19%         3    ###....
 Hailstorm                Conj/Ice       ##......     54%         4    #####..
 Summon Ice Beast         Ice/Summ       ##......     54%         4    #####..


Dungeon Overview and Level Annotations

Branches:
Dungeon (2/15)

Altars:
Xom


Message History

The bullfrog skeleton hits you.
* * * LOW HITPOINT WARNING * * *
The bullfrog skeleton completely resists.
The wall freezes the bullfrog skeleton but do no damage.
The bullfrog skeleton barely misses you.
Casting: Frozen Ramparts (dangerous; 5% risk of failure)
Confirm with . or Enter, or press ? or * to list all spells.
Aiming: Freeze (safe; 1% risk of failure)
Press: ? - help, Shift-Dir - straight line, f/p - bullfrog skeleton
Aim: a bullfrog skeleton (almost destroyed)
The bullfrog skeleton resists.
You freeze the bullfrog skeleton.
The bullfrog skeleton is almost destroyed.
The frozen ramparts melt away.
The bullfrog skeleton hits you.
* * * LOW HITPOINT WARNING * * *
You feel better. The bullfrog skeleton hits you.
* * * LOW HITPOINT WARNING * * *
You feel better. The bullfrog skeleton hits you.
* * * LOW HITPOINT WARNING * * *
The bullfrog skeleton hits you.
You die...

##[####.#
#.^........###.
#...##.###.#.#..##..###.
###..#.##......>#...#...
##..................##
##.###....#........#
##.#...........##.##
##...........#.....###
#......<####.........#
#..#.@........###..#.#
####Z.###.....# #.....
#....# ####..#####...
#.#.## ##..# ###.
#####...# #..# ##
#.....### #..# #.....#
#..# #.....# ##.#
#.....# ###


You could see a bullfrog skeleton.

Vanquished Creatures
  3 adders (D:2)
  A dart slug (D:1)
  A leopard gecko (D:1)
  A ball python (D:1)
  5 bats
  2 giant cockroaches
  4 goblins
  3 hobgoblins (D:1)
  7 jackals (D:2)
  2 kobolds (D:1)
  A quokka (D:2)
  3 frilled lizards
  5 rats
38 creatures vanquished.

Notes
Turn   | Place    | Note
-------+----------+-------------------------------------------
     0 | D:1      | DearestLeader the Merfolk Ice Elementalist began the quest
                  | for the Orb.
     0 | D:1      | Reached XP level 1. HP: 13/13 MP: 3/3
   158 | D:1      | Reached XP level 2. HP: 19/19 MP: 3/5
   247 | D:1      | Reached skill level 5 in Ice Magic
   854 | D:1      | Reached XP level 3. HP: 22/24 MP: 6/6
   950 | D:2      | Learned a level 3 spell: Frozen Ramparts
  1193 | D:2      | Reached XP level 4. HP: 21/30 MP: 1/7
  1357 | D:2      | Reached skill level 6 in Ice Magic
  1525 | D:2      | Found a shimmering altar of Xom.
  1638 | D:2      | HP: 1/30 [bullfrog skeleton (5)]
  1641 | D:2      | Slain by a bullfrog skeleton

Illustrated notes

Levels and vault maps discovered:
D:1:      erik_arrival_triangle_small, layout_rooms, minmay_misc_feat_alley
D:2:      layout_rooms, tgw_xom

Skill      XL: |  1  2  3  4 |
---------------+-------------+-----
Ice Magic      | 5 6 |  6.1
Dodging        | 3 |  3.0
Stealth        | |  2.1
Spellcasting   | |  2.0

Action                   |  1- 3 |  4- 6 || total
-------------------------+-------+-------++-------
Melee: Dagger            |    63 |    17 ||    80
       Unarmed           |     2 |       ||     2
 Cast: Freeze            |    16 |     3 ||    19
       Frozen Ramparts   |     2 |     4 ||     6
  Use: Potion            |       |     3 ||     3
  Eat: Chunk             |     1 |     2 ||     3
Armor: Robe              |    23 |     4 ||    27
Dodge: Dodged            |    56 |    12 ||    68
